 Dungeon Crawl Stone Soup version bcrawl-1.28 (webtiles) character file.

Game seed: 10666695664931899121

112191 pasperui the Sneak (level 3, -4/32 HPs)
             Began as a Naga Sloth Apostle on Dec 10, 2020.
             Was a Follower of Cheibriados.
             Slain by a gnoll (9 damage)
             ... on level 2 of the Dungeon.
             The game lasted 00:03:02 (1258 turns).

pasperui the Sneak (Naga Sloth Apostle)             Turns: 1258, Time: 00:03:03

Health: -4/32      AC:  2    Str: 17    XL:     3   Next: 47%
Magic:  4/4        EV:  9    Int: 14    God:    Cheibriados [*.....]
Gold:   99         SH:  1    Dex: 12    Spells: 3/4 levels left

rFire    . . .     SeeInvis +   a - +0 falchion
rCold    . . .     Gourm    .   (no shield)
rNeg     . . .     Faith    .   b - +0 robe
rPois    +         Spirit   .   (no helmet)
rElec    .         Reflect  .   (no cloak)
rCorr    .         Harm     .   (no gloves)
MR       .....                  (no barding)
Stlth    +++.......             (no amulet)
HPRegen  0.10/turn              (no ring)
MPRegen  0.09/turn              (no ring)

@: short of breath, very slow
A: large, see invisible, deformed body, poison resistance, slowness 2, slow
metabolism 1, spit poison 1, AC +1
a: Spit Poison, Bend Time, Renounce Religion


You were on level 2 of the Dungeon.
You worshipped Cheibriados.
Cheibriados was aware of your devotion.
You were not hungry.

You visited 1 branch of the dungeon, and saw 2 of its levels.

You collected 99 gold pieces.

Inventory:

Hand Weapons
 a - a +0 falchion (weapon)
Missiles
 h - 428 stones (quivered)
 m - 326 sling bullets
Armour
 b - a +0 robe (worn)
 c - a +0 medium shield
Wands
 d - a wand of paralysis (10)
Scrolls
 f - 2 scrolls of fear {unknown}
 k - 2 scrolls of magic mapping {unknown}
 l - a scroll of teleportation {unknown}
Potions
 i - a potion of berserk rage {unknown}
 j - a potion of flight {unknown}
Comestibles
 e - 3 rations {!d}


   Skills:
 - Level 2.0 Fighting
 * Level 3.8 Long Blades
 - Level 4.8 Stealth
 - Level 1.5 Shields
 - Level 1.0 Spellcasting
 - Level 1.0 Hexes
 - Level 1.0 Evocations


You had 3 spell levels left.
You knew the following spells:

 Your Spells              Type           Power        Failure   Level  Hunger
a - Slow                  Hex            #.......     17%         1    None
Your spell library was empty.

Dungeon Overview and Level Annotations

Branches:
Dungeon (2/12)

Altars:
Gozag


Innate Abilities, Weirdness & Mutations

You cannot wear boots.
Your serpentine skin is tough. (AC +1)
You have supernaturally acute eyesight. (SInv)
Armour fits poorly on your strangely shaped body.
Your system is resistant to poisons. (rPois)
You cover ground very slowly.
You have a slow metabolism.
You can spit poison.


Message History

Cheibriados appreciates the change of pace.
Found a stone staircase leading down.
You see here a dart slug corpse.
You butcher the dart slug corpse.
You see here a chunk of flesh.
Eat a chunk of flesh? (ye/n/q)
You eat the chunk of flesh.
This raw flesh tastes terrible.
Press: ? - help, Shift-Dir - straight line, f - gnoll
Aim: a gnoll (resting)
The splash of poison hits the gnoll.
The gnoll is poisoned.
The gnoll is heavily wounded.
The gnoll shouts!
You feel slightly more hungry.
A quokka comes into view.
The gnoll hits you!
* * * LOW HITPOINT WARNING * * *
You barely miss the gnoll.
The gnoll is severely wounded.
The gnoll hits you!
You die...

#.........# #.........#
#.........# #.....r...#
###.........#
...........##
#...g.....# #>...@....#
### ## #.........# #.#
#. #.........###># #.
#.......<.%.....#######.
........................
#####.....#####.........
##.#### #......... #.
............. #.
..###......)..


You could see a gnoll and a quokka.

Vanquished Creatures
  An adder (D:2)
  An ooze (D:1)
  A dart slug (D:2)
  A leopard gecko (D:2)
  2 ball pythons (D:2)
  A giant cockroach (D:2)
  A goblin (D:2)
  3 hobgoblins
  A quokka (D:2)
  3 bats
  3 frilled lizards
  2 kobolds
  5 rats
25 creatures vanquished.

Notes
Turn   | Place    | Note
-------+----------+-------------------------------------------
     0 | D:1      | pasperui the Naga Sloth Apostle began the quest for the
                  | Orb.
     0 | D:1      | Reached XP level 1. HP: 19/19 MP: 2/2
   272 | D:1      | Reached XP level 2. HP: 12/26 MP: 3/3
  1080 | D:2      | Reached XP level 3. HP: 20/32 MP: 4/4
  1156 | D:2      | Found an opulent altar of Gozag.
  1167 | D:2      | Reached * piety under Cheibriados
  1258 | D:2      | Slain by a gnoll

Skill      XL: |  1  2 |
---------------+-------+-----
Long Blades    | 3 |  3.8
Fighting       | |  2.0
Stealth        | |  4.8
Shields        | |  1.5
Spellcasting   | |  1.0
Hexes          | |  1.0
Evocations     | |  1.0

Action                   || total
-------------------------++-------
Melee: Falchion          ||    77
 Abil: Spit Poison       ||    11
 Stab: Sleeping          ||     4
  Eat: Chunk             ||     4
Armor: Robe              ||    10
Dodge: Dodged            ||    39
Block: Medium shield     ||     5
